 Dungeon Crawl Stone Soup version 0.31-a0-559-g03b8d61ab2 (webtiles) character file.

Game seed: 7934895071400837319

16 Ethylacetat the Ducker (level 2, -2/20 HPs)
             Began as an Octopode Gladiator on Aug 17, 2023.
             Slain by an adder (3 damage)
             ... on level 2 of the Dungeon.
             The game lasted 00:00:29 (950 turns).

Ethylacetat the Ducker (Octopode Gladiator)          Turns: 950, Time: 00:00:29

Health: -2/20      AC:  1    Str: 13    XL:     2   Next: 54%
Magic:  2/2        EV: 14    Int: 10    God:
Gold:   56         SH:  0    Dex: 13    Spells: 1/1 levels left

rFire   . .          .
                       - Unarmed
rCold   . . .        (no shield)
rNeg    . . .        a - +0 hat
rPois   .            (no amulet)
rElec   .            (no ring)
rCorr   .            (no ring)
SInv    .            (no ring)
Will    .....        (no ring)
Stlth   ++           (no ring)
HPRegen 0.23/turn    (no ring)
MPRegen 0.08/turn    (no ring)
                     (no ring)

%: no passive effects
@: lethally poisoned (-2 -> -8)
A: almost no armour, amphibious, 8 rings, camouflage 1, gelatinous body 1,
(nimble swimmer 1), tentacles
a: no special abilities


You were on level 2 of the Dungeon.
You visited 1 branch of the dungeon, and saw 2 of its levels.

You collected 56 gold pieces.

Inventory:

Missiles
 b - 3 throwing nets (quivered)
 c - a javelin
Armour
 a - a +0 hat (worn)
Scrolls
 e - a scroll of fear {unknown}
 f - a scroll of identify {unknown}
 g - a scroll of teleportation {unknown}
Potions
 d - a potion of mutation {unknown}


   Skills:
 + Level 2.4 Fighting
 - Level 2.0 Throwing
 + Level 3.2 Dodging
 + Level 3.2 Unarmed Combat


You had one spell level left.
You didn't know any spells.
Your spell library was empty.

Dungeon Overview and Level Annotations

Branches:
Dungeon (2/15)

Altars:


Innate Abilities, Weirdness & Mutations

You cannot wear most types of armour.
You are amphibious.
You can wear up to eight rings at the same time.
Your skin changes colour to match your surroundings (Stealth+).
Your rubbery body absorbs attacks. (AC +1, EV +1)
((You are camouflaged when in or above water. (Stealth+)))
You have tentacles for arms and can constrict up to eight enemies at once.


Message History

Found a stone staircase leading up.
An adder is nearby!
There is a stone staircase leading up here.
An adder is nearby!
The helpless adder fails to defend itself.
You tentacle-slap the adder. Your grab misses the adder.
The adder is lightly wounded.
The adder bites you. x2
An adder is nearby!
You tentacle-slap the adder but do no damage.
Your grab misses the adder.
The adder is lightly wounded.
The adder bites you.
An adder is nearby!
You miss the adder. Your grab misses the adder.
The adder is lightly wounded.
The adder misses you.
An adder is nearby!
You closely miss the adder. Your grab misses the adder.
The adder is lightly wounded.
The adder bites you.
You are poisoned.
The adder poisons you!
You are too injured to fight recklessly!
An adder is nearby!
You miss the adder. Your grab misses the adder.
The adder is lightly wounded.
You feel sick. The adder bites you.
You are lethally poisoned!
The adder poisons you!
You tentacle-slap the adder but do no damage.
You grab the adder.
The adder is lightly wounded.
You constrict the adder.
* * * LOW HITPOINT WARNING * * *
You feel very sick. The adder bites you.
* * * LOW HITPOINT WARNING * * *
The adder bites you.
You die...

#..........# .#.
#.......<..# ..
##.........# ..
#.........#
#..#####.......##
#....##.........#
#.##.##.........#
#S.#............#
#@..#..........#
###.##.........#
#.###...)...## ..
###.###..(...##
#..##.....##.#####
#........##..#######
####.....###.....(.#
###^.........)....#
..>......###########


You could see an adder.

Vanquished Creatures
  A dart slug (D:1)
  An endoplasm (D:2)
  3 goblins
  3 kobolds (D:1)
  4 ball pythons
  A frilled lizard (D:1)
  2 rats (D:1)
15 creatures vanquished.

Notes
Turn   | Place    | Note
-------+----------+-------------------------------------------
     0 | D:1      | Ethylacetat the Octopode Gladiator began the quest for the
                  | Orb.
     0 | D:1      | Reached XP level 1. HP: 14/14 MP: 1/1
   248 | D:1      | Reached XP level 2. HP: 14/19 MP: 2/2
   950 | D:2      | HP: 1/20 [adder (3)]
   950 | D:2      | Slain by an adder

Illustrated notes

Levels and vault maps discovered:
D:1:      lightli_arrival_chessboard, layout_loops_corners,
          hangedman_decor_growths, serial_bayou_crossing
D:2:      layout_rooms, serial_shops, nicolae_shop_behind_doors, shop

Action                     || total
---------------------------++-------
  Melee: Unarmed           ||    35
         Constrict         ||    10
         Tentacles         ||     2
   Stab: Sleeping          ||     5
 Armour: Skin              ||     2
  Dodge: Dodged            ||    11

Table legend: (Time is in decaauts)
 A = Elapsed time spent in this place.
 B = Non-inter-level travel time spent in this place.
 C = Inter-level travel time spent in this place.
 D = Time resting spent in this place.
 E = Time spent auto-exploring this place.
 F = Levels seen in this place.
 G = Mean time per level.
                   A        B        C        D        E       F      G
               +--------+--------+--------+--------+--------+-----+--------+
         Total |    948 |    931 |     17 |      0 |    829 |   2 |  474.0 |
       Dungeon |    948 |    931 |     17 |      0 |    829 |   2 |  474.0 |
               +--------+--------+--------+--------+--------+-----+--------+

Top non-repeatable levels by time:
     D:1: 872 daAuts
     D:2: 76 daAuts
